[Event "Late Titled Tuesday Blitz February 8 2022"]
[White "Tregubov, Pavel V."]
[Black "Ozen, Deniz"]
[WhiteFideId "4115341"]
[BlackFideId "6349196"]
[WhiteElo "2341"]
[BlackElo "2326"]
[Result "0-1"]
[Round "07"]
[TimeControl "180+1"]
[Date "2022.02.08"]
[WhiteClock "0:00:09"]
[BlackClock "0:00:09"]

1. e4 e5 2. Nf3 Nf6 3. Nxe5 d5 4. exd5 Qxd5 5. d4 Nc6 6. Nc3 Bb4 7. Nxc6 Qxc6 8. Bd2 O-O 9. Qf3 Qb6 10. Bd3 Bg4 11. Qg3 Rfe8+ 12. Be3 Bd6 13. Qh4 Qxb2 14. O-O Qxc3 15. Bg5 Qxd4 16. Bxf6 Qxf6 17. Qxg4 Rad8 18. g3 g6 19. Rae1 Kg7 20. Re4 Rxe4 21. Qxe4 c6 22. h4 Bc5 23. Kg2 Rd4 24. Qf3 Qxf3+ 25. Kxf3 Ra4 26. Rb1 b5 27. Rb3 b4 28. c3 Rxa2 29. cxb4 Rxf2+ 30. Ke4 Bb6 31. Rc3 Rb2 32. Rxc6 Rxb4+ 33. Kf3 Rb3 34. Ke2 h5 35. Rd6 Rc3 36. Rd7 Rc7 37. Rxc7 Bxc7 38. Kf3 a5 39. Bb5 Be5 40. Kg2 Kf6 41. Kf3 Ke7 42. g4 hxg4+ 43. Kxg4 Kf6 44. Ba4 Bc3 45. Bb5 Bd2 46. Ba4 Kg7 47. Bb5 Kh6 48. Be8 f5+ 49. Kg3 Be1+ 50. Kh3 Kg7 51. Ba4 Kf6 52. Bb5 Bd2 53. Kg3 Ke5 54. Be8 Ke4 55. Bxg6 a4 56. Kf2 a3 57. Bf7 f4 58. h5 f3 59. Ba2 Be3+ 60. Kf1 Kd4 61. Bf7 Ke5 62. Ba2 Kf6 63. Ke1 Kg7 64. Kf1 Kh6 65. Bf7 Kg5 66. Ke1 Bd4 67. Kf1 Bg7 68. Ke1 Kg4 69. Kf1 Kg3 70. Bd5 Bh6 71. Bf7 Kf4 72. Kf2 Bg5 73. Kf1 Ke3 74. Bg8 f2 75. Bf7 Kf3 76. Bg8 Kg3 77. Bf7 Be3 78. Bg8 Kh4 79. Bf7 Kg5 80. Bg8 Kxh5 81. Bf7+ Kg5 0-1


[Site "https://www.chess.com"]

[Event "Late Titled Tuesday Blitz February 8 2022"]
[White "Vargas Pereda, Jesus Manue"]
[Black "Kubatko, Ivan"]
[WhiteFideId "5115710"]
[BlackFideId "24111473"]
[WhiteElo "1763"]
[BlackElo "2285"]
[Result "0-1"]
[Round "07"]
[TimeControl "180+1"]
[Date "2022.02.09"]
[WhiteClock "0:00:02"]
[BlackClock "0:00:02"]

1. d4 Nf6 2. Nf3 Nc6 3. Bf4 e6 4. e3 g6 5. Be2 Bg7 6. O-O O-O 7. c4 d6 8. Nc3 Qe7 9. h3 e5 10. Bg5 Re8 11. Nd5 Qd8 12. Nxf6+ Bxf6 13. Bxf6 Qxf6 14. d5 Nb8 15. e4 a5 16. b3 Na6 17. a3 Bd7 18. Rb1 Nc5 19. Qc2 Kg7 20. b4 axb4 21. axb4 Na4 22. c5 h5 23. Rfc1 g5 24. Ra1 g4 25. hxg4 hxg4 26. Nd2 dxc5 27. bxc5 Ra5 28. c6 bxc6 29. Rxa4 Rxa4 30. Qxa4 Rh8 31. Nf1 Qh4 32. Ng3 Qh2+ 33. Kf1 Rh3 34. Ba6 Rxg3 35. fxg3 Qxg3 36. Rxc6 Qf4+ 37. Kg1 Qe3+ 38. Kh2 g3+ 0-1


[Site "https://www.chess.com"]

[Event "Late Titled Tuesday Blitz February 8 2022"]
[White "Villegas, Pierre"]
[Black "Baches Garcia, Guillermo"]
[WhiteFideId "654183"]
[BlackFideId "2209764"]
[WhiteElo "2410"]
[BlackElo "2442"]
[Result "1/2-1/2"]
[Round "07"]
[TimeControl "180+1"]
[Date "2022.02.09"]
[WhiteClock "0:00:05"]
[BlackClock "0:00:07"]

1. d4 Nf6 2. c4 e6 3. Nc3 d5 4. cxd5 Nxd5 5. e4 Nxc3 6. bxc3 c5 7. a3 cxd4 8. cxd4 e5 9. d5 Bd6 10. Nf3 O-O 11. Be2 Nd7 12. O-O Nc5 13. Nd2 Qh4 14. f3 Nd7 15. Nc4 Bc5+ 16. Be3 Bxe3+ 17. Nxe3 Nc5 18. Nc4 Re8 19. Rc1 b6 20. Nd6 Rd8 21. Nb5 Ba6 22. Nc7 Bxe2 23. Qxe2 Rac8 24. Na6 Qe7 25. Nxc5 Rxc5 26. Qe3 Rdc8 27. Rxc5 Qxc5 28. Qxc5 Rxc5 29. Rd1 Kf8 30. Rd3 Ke7 31. Kf2 Kd6 32. h4 h5 33. g4 g6 34. gxh5 gxh5 35. Ke3 b5 36. f4 f6 37. f5 a5 38. Rb3 a4 39. Rb2 Rc3+ 40. Kd2 Rxa3 41. Rxb5 Rh3 42. Rb6+ Kd7 43. Rxf6 Rxh4 44. Kd3 a3 45. Ra6 Rh3+ 46. Kc4 Re3 47. Kc5 Rxe4 48. Ra7+ Kc8 49. f6 Rf4 50. f7 a2 51. Kd6 a1=Q 52. Rxa1 Rxf7 53. Kxe5 h4 54. d6 Rf2 55. Rc1+ Kd7 56. Rh1 Re2+ 57. Kf4 Kxd6 58. Rxh4 Re6 59. Rg4 Ke7 60. Rg5 Rf6+ 61. Rf5 Rxf5+ 62. Kxf5 1/2-1/2


[Site "https://www.chess.com"]

[Event "Late Titled Tuesday Blitz February 8 2022"]
[White "Vovk, Orest"]
[Black "Aradhya, Garg"]
[WhiteFideId "14113490"]
[BlackFideId "25006746"]
[WhiteElo "2203"]
[BlackElo "2169"]
[Result "0-1"]
[Round "07"]
[TimeControl "180+1"]
[Date "2022.02.09"]
[WhiteClock "0:00:11"]
[BlackClock "0:00:21"]

1. h4 d5 2. h5 e5 3. h6 Nxh6 4. d4 Nc6 5. Bxh6 gxh6 6. dxe5 Nxe5 7. Nf3 Bg7 8. Nxe5 Bxe5 9. Nc3 c6 10. e3 Qf6 11. Qd2 Bf5 12. Bd3 O-O-O 13. Bxf5+ Qxf5 14. O-O-O h5 15. Qe2 Bxc3 16. bxc3 Qf6 17. Kb2 Rhg8 18. g3 Rg4 19. a3 Qf5 20. Rd4 Rd6 21. Rxg4 hxg4 22. Qd3 Qxd3 23. cxd3 Rf6 24. Rh2 Rf5 25. Kc2 h5 26. Kd2 Kc7 27. Ke2 Kb6 28. Rh1 Ka5 29. Rb1 b5 30. d4 Ka4 31. Rf1 a5 32. Kd3 Rf3 33. Kc2 h4 34. gxh4 g3 35. Kd3 g2 36. Rg1 Rxf2 37. h5 Kxa3 38. h6 Rf6 39. Rxg2 Rxh6 40. Rf2 f6 41. Kc2 b4 42. cxb4 axb4 43. Rf1 b3+ 44. Kc3 b2 45. Rg1 Rh3 0-1


[Site "https://www.chess.com"]

[Event "Late Titled Tuesday Blitz February 8 2022"]
[White "Vusatiuk, Vladimir"]
[Black "Kobalia, Mikhail"]
[WhiteFideId "14118610"]
[BlackFideId "4119150"]
[WhiteElo "2157"]
[BlackElo "2667"]
[Result "0-1"]
[Round "07"]
[TimeControl "180+1"]
[Date "2022.02.08"]
[WhiteClock "0:00:07"]
[BlackClock "0:00:02"]

1. d4 d5 2. c4 c6 3. cxd5 cxd5 4. Bf4 e6 5. Nc3 Bd6 6. Bxd6 Qxd6 7. e3 Ne7 8. Bd3 Bd7 9. f4 Nbc6 10. Nf3 O-O 11. O-O f6 12. Qe1 Be8 13. Rc1 Bg6 14. Bxg6 Nxg6 15. Qg3 Nge7 16. Qf2 Rac8 17. a3 Na5 18. Nd2 Qd7 19. e4 dxe4 20. Ndxe4 b6 21. Rcd1 Rfd8 22. Rd3 Nc4 23. Rfd1 Nd5 24. Rh3 Qf7 25. Nb5 Qg6 26. Re1 a6 27. Nbc3 Qf5 28. Rf3 Rc6 29. Ng3 Qg6 30. f5 Qf7 31. Nxd5 exd5 32. b3 Nxa3 33. Rfe3 Rc7 34. Re6 Rb8 35. Qf4 Nc2 36. Rc1 Rbc8 37. Rxb6 Re8 38. h4 h5 39. Rxa6 Rc3 40. Nf1 Nxd4 41. Qxd4 Rxc1 42. Qd2 Ree1 43. Ra8+ Kh7 44. Kh2 Rxf1 45. Qe2 Rxf5 46. Qd2 Rcf1 47. Qe2 Qg6 48. Qe8 Qxe8 49. Rxe8 Re5 50. Kg3 Rxe8 51. Kh2 Rb8 52. g4 Rxb3 53. g5 Rf2+ 54. Kg1 Rc2 55. g6+ Kg8 0-1


[Site "https://www.chess.com"]

[Event "Late Titled Tuesday Blitz February 8 2022"]
[White "Wachinger, Guenther"]
[Black "Kosteniuk, Alexandra"]
[WhiteFideId "4604261"]
[BlackFideId "4128125"]
[WhiteElo "2212"]
[BlackElo "2469"]
[Result "1/2-1/2"]
[Round "07"]
[TimeControl "180+1"]
[Date "2022.02.09"]
[WhiteClock "0:00:06"]
[BlackClock "0:00:26"]

1. e4 c6 2. c4 d5 3. cxd5 cxd5 4. exd5 Nf6 5. Nc3 Nxd5 6. Nf3 Nc6 7. Bb5 Nxc3 8. dxc3 Qxd1+ 9. Kxd1 Bd7 10. Be3 O-O-O 11. Ke2 a6 12. Bc4 f6 13. Rad1 e5 14. Rd2 Bg4 15. Rxd8+ Nxd8 16. h3 Bd7 17. Rd1 Bc6 18. Bd5 Kc7 19. g4 Be7 20. Nh4 g6 21. Nf3 Bxd5 22. Rxd5 Nf7 23. g5 e4 24. Nd4 fxg5 25. c4 h6 26. Ne6+ Kc8 27. b3 Nd8 28. Nxd8 Rxd8 29. Rxd8+ Kxd8 30. Bd4 Kd7 31. Ke3 Ke6 32. Kxe4 h5 33. Be3 Bf6 34. f3 Be7 35. a4 Kd6 36. Bd4 Ke6 37. Be3 Bf6 38. Bd2 Kd6 39. Be3 Kc6 40. b4 Kd6 41. b5 Ke6 42. c5 axb5 43. axb5 Be7 44. Bd4 Bf8 45. Be3 Be7 46. Bd4 Bd8 47. Be3 Bf6 48. Bd4 Be7 49. Be3 Bd8 50. Bd4 Bc7 51. Be3 Kf6 52. Bd4+ Ke6 53. Be3 Bd8 54. Bd4 Be7 55. Be3 Bf6 56. Bd4 Be7 1/2-1/2


[Site "https://www.chess.com"]

[Event "Late Titled Tuesday Blitz February 8 2022"]
[White "Weetik, Vjacheslav"]
[Black "Pourkashiyan, Atousa"]
[WhiteFideId "4153472"]
[BlackFideId "12502014"]
[WhiteElo "2469"]
[BlackElo "2247"]
[Result "1-0"]
[Round "07"]
[TimeControl "180+1"]
[Date "2022.02.09"]
[WhiteClock "0:00:16"]
[BlackClock "0:00:08"]

1. d4 Nf6 2. Bf4 e6 3. e3 d5 4. Nd2 c5 5. c3 Nc6 6. Bd3 Bd6 7. Bxd6 Qxd6 8. f4 O-O 9. Ngf3 b6 10. O-O a5 11. Qe2 Bb7 12. Ne5 Ne7 13. Rad1 Rad8 14. Qf3 Nf5 15. g4 Nh4 16. Qh3 Ng6 17. Ndf3 Ne4 18. Bxe4 dxe4 19. Ng5 h6 20. Ngxf7 Rxf7 21. Nxf7 Kxf7 22. Qh5 Ba6 23. f5 Bxf1 24. Qxg6+ Kg8 25. f6 Qd7 26. Rxf1 cxd4 27. exd4 Qf7 28. Qxf7+ Kxf7 29. fxg7+ Kxg7 30. Re1 e5 31. Rxe4 exd4 32. Rxd4 Re8 33. Kf2 Rf8+ 34. Kg3 Re8 35. Rd6 b5 36. Rb6 Re5 37. Kf4 Rc5 38. h4 Kh7 39. h5 Kg7 40. Rb7+ Kf6 41. Rh7 Rc4+ 42. Kf3 Kg5 43. Rg7+ Kh4 44. Rg6 b4 45. cxb4 Rxb4 46. b3 a4 47. bxa4 Rxa4 48. Rxh6 Rxg4 49. Re6 Ra4 50. Re4+ Rxe4 51. Kxe4 Kxh5 52. a4 Kg6 53. a5 Kf7 54. a6 Ke8 55. a7 Kd8 56. a8=Q+ Kc7 1-0


[Site "https://www.chess.com"]

[Event "Late Titled Tuesday Blitz February 8 2022"]
[White "Wieczorek, Oskar"]
[Black "Mortazavi, Ali"]
[WhiteFideId "1133950"]
[BlackFideId "401323"]
[WhiteElo "2319"]
[BlackElo "2339"]
[Result "1-0"]
[Round "07"]
[TimeControl "180+1"]
[Date "2022.02.09"]
[WhiteClock "0:00:05"]
[BlackClock "0:00:02"]

1. e4 c6 2. d4 d5 3. Nd2 dxe4 4. Nxe4 Nf6 5. Nxf6+ exf6 6. Be2 Bd6 7. Bf3 O-O 8. Ne2 Re8 9. O-O Nd7 10. c4 Nf8 11. Nc3 Ng6 12. c5 Bc7 13. d5 cxd5 14. Bxd5 Rb8 15. Qb3 Qe7 16. Be3 Ne5 17. h3 Be6 18. Bxe6 fxe6 19. f4 Nd7 20. Qc4 Kh8 21. Rad1 Rbc8 22. b4 Bb8 23. Qb5 Rc7 24. Ne4 a6 25. Qd3 Nf8 26. Nd6 Rd7 27. Rd2 Red8 28. Rfd1 Bxd6 29. cxd6 Qf7 30. Qc4 h6 31. Bb6 Re8 32. Qe4 Ng6 33. Rc2 Nh4 34. Rc7 Nf5 35. Qxb7 Qh5 36. g4 Qxh3 37. Qg2 Qxg2+ 38. Kxg2 Rxd6 39. Rxd6 Nxd6 40. Rc6 Nb5 41. Bc5 e5 42. fxe5 fxe5 43. Rxa6 e4 44. Be3 Nc3 45. Rd6 Nxa2 46. b5 Nc3 47. b6 Kg8 48. b7 Kf7 49. Rc6 Nd5 50. Rc8 1-0


[Site "https://www.chess.com"]

[Event "Late Titled Tuesday Blitz February 8 2022"]
[White "Yang, Cayden"]
[Black "Kirillov, Dmitry"]
[WhiteFideId "30967260"]
[BlackFideId "34180572"]
[WhiteElo "2618"]
[BlackElo "2076"]
[Result "1-0"]
[Round "07"]
[TimeControl "180+1"]
[Date "2022.02.09"]
[WhiteClock "0:00:18"]
[BlackClock "0:00:06"]

1. Nf3 Nf6 2. d4 b6 3. g3 e6 4. Bg2 d5 5. O-O Be7 6. c4 c6 7. Nc3 O-O 8. b3 a5 9. Re1 Ba6 10. Ne5 b5 11. a3 Nfd7 12. Nxc6 Nxc6 13. cxb5 Bxb5 14. Nxb5 Qb6 15. a4 Rfc8 16. Ba3 Bxa3 17. Rxa3 Nb4 18. Rf1 Rc2 19. e4 Nf6 20. e5 Nd7 21. Ra1 Rac8 22. Nd6 R8c3 23. Qh5 g6 24. Qh6 Qxd4 25. Nb5 Qxe5 26. Nxc3 Qxc3 27. h4 Nc5 28. h5 Nxb3 29. Rad1 d4 30. hxg6 hxg6 31. Qg5 d3 32. Be4 Nc5 33. Bf3 1-0


[Site "https://www.chess.com"]

[Event "Late Titled Tuesday Blitz February 8 2022"]
[White "Yang, Qindong"]
[Black "Mladenovic, Stefan"]
[WhiteFideId "8603758"]
[BlackFideId "942227"]
[WhiteElo "2101"]
[BlackElo "2355"]
[Result "0-1"]
[Round "07"]
[TimeControl "180+1"]
[Date "2022.02.09"]
[WhiteClock "0:00:03"]
[BlackClock "0:01:02"]

1. d4 Nf6 2. c4 e6 3. g3 d5 4. Bg2 Be7 5. Nf3 O-O 6. O-O dxc4 7. Qc2 b6 8. Ne5 Qxd4 9. Bxa8 Qxe5 10. Bg2 Ba6 11. Nd2 Qc5 12. Ne4 Nxe4 13. Bxe4 f5 14. Be3 Qb4 15. Bg2 Bf6 16. Rab1 Nd7 17. Rfd1 Ne5 18. Bd4 Ng4 19. Bxf6 Nxf6 20. Qc3 Qc5 21. Qd4 Qe7 22. Qe5 Ng4 23. Qd4 e5 24. Qd5+ Kh8 25. Qd7 Qc5 26. e3 Nf6 27. Qxf5 Bc8 28. Qc2 Ng4 29. Rd2 Bf5 30. Be4 Nxe3 31. fxe3 Qxe3+ 32. Rf2 Bxe4 33. Qd2 Qxf2+ 34. Qxf2 Rxf2 35. Re1 Rg2+ 36. Kf1 Bc6 37. Rxe5 Rxb2 38. Re6 Bb5 39. Re5 h6 40. Ke1 c3 0-1


[Site "https://www.chess.com"]

[Event "Late Titled Tuesday Blitz February 8 2022"]
[White "Yuan, Qingyu"]
[Black "Nihal Sarin"]
[WhiteFideId "8609772"]
[BlackFideId "25092340"]
[WhiteElo "2359"]
[BlackElo "2705"]
[Result "0-1"]
[Round "07"]
[TimeControl "180+1"]
[Date "2022.02.08"]
[WhiteClock "0:00:05"]
[BlackClock "0:02:22"]

1. Nf3 Nf6 2. g3 d5 3. Bg2 Nc6 4. d4 Bf5 5. O-O Nb4 6. Na3 e6 7. c3 Nc6 8. Nc2 h6 9. b3 Bd6 10. c4 O-O 11. Bb2 a5 12. Ne5 Be4 13. Bxe4 Nxe4 14. f3 Nf6 15. Nxc6 bxc6 16. Qd3 Re8 17. e4 e5 18. dxe5 dxe4 19. fxe4 Bxe5 20. Qxd8 Raxd8 21. Bxe5 Rxe5 22. Rad1 Rxd1 23. Rxd1 Rxe4 24. Nd4 c5 25. Nb5 Re2 26. Nxc7 Rxa2 27. Na6 Ne4 28. Rd5 Nd2 29. Nxc5 Nf3+ 30. Kf1 Nxh2+ 31. Kg1 Nf3+ 32. Kf1 g6 33. Ne4 f5 34. Nd6 Nd2+ 35. Ke1 Nxb3 36. Rb5 Nd4 37. Rb7 Nf3+ 38. Kf1 a4 39. c5 Rc2 40. Ne8 a3 41. Nf6+ Kf8 42. Ra7 a2 43. c6 Rc1+ 44. Kf2 a1=Q 45. Rxa1 Rxa1 46. c7 Rc1 47. Kxf3 Rxc7 48. Nd5 Rc5 49. Nf4 Kf7 50. Nd3 Rc3 51. Ke2 Rxd3 52. Kxd3 Kf6 53. Ke3 Kg5 54. Kf3 h5 55. Kg2 Kg4 56. Kh2 h4 57. gxh4 Kxh4 0-1


[Site "https://www.chess.com"]

[Event "Late Titled Tuesday Blitz February 8 2022"]
[White "Zhigalko, Sergei"]
[Black "Xiong, Jeffery"]
[WhiteFideId "13502956"]
[BlackFideId "2047640"]
[WhiteElo "2662"]
[BlackElo "2727"]
[Result "0-1"]
[Round "07"]
[TimeControl "180+1"]
[Date "2022.02.08"]
[WhiteClock "0:00:35"]
[BlackClock "0:01:18"]

1. e4 c5 2. Nf3 d6 3. d4 cxd4 4. Qxd4 Nc6 5. Bb5 a6 6. Bxc6+ bxc6 7. c4 e5 8. Qd3 Ne7 9. O-O Ng6 10. Rd1 Be7 11. Nc3 O-O 12. b3 f5 13. Ba3 Nf4 14. Qe3 Qe8 15. Kh1 Qg6 16. Rg1 fxe4 17. Nxe5 Qe8 18. Qxe4 dxe5 19. Bxe7 Qxe7 20. Rae1 Bf5 21. Qxe5 Nd3 22. Qxe7 Nxf2# 0-1


[Site "https://www.chess.com"]

[Event "Late Titled Tuesday Blitz February 8 2022"]
[White "Zhou, Qiyu"]
[Black "Rudykh, Stepan"]
[WhiteFideId "505161"]
[BlackFideId "4180321"]
[WhiteElo "1925"]
[BlackElo "2146"]
[Result "1-0"]
[Round "07"]
[TimeControl "180+1"]
[Date "2022.02.09"]
[WhiteClock "0:00:48"]
[BlackClock "0:00:08"]

1. e4 e6 2. d4 d5 3. Nc3 Bb4 4. e5 c5 5. a3 Bxc3+ 6. bxc3 Ne7 7. h4 Qa5 8. Bd2 Qa4 9. Nf3 h6 10. h5 b6 11. Rh4 Nd7 12. Rf4 Ba6 13. Nh4 Bxf1 14. Kxf1 cxd4 15. cxd4 Rc8 16. c3 Qxd1+ 17. Rxd1 Rc4 18. Re1 O-O 19. Rg4 Kh7 20. Re3 g5 21. hxg6+ fxg6 22. Rf3 g5 23. Rxf8 Nxf8 24. Nf3 Nc6 25. Rg3 Na5 26. Rh3 Kg6 27. Ke2 Nb3 28. Kd3 Ra4 29. Nh2 Rxa3 30. Rf3 Kg7 31. Ng4 Nxd2 32. Kxd2 Ng6 33. g3 b5 34. Rf6 Ra6 35. Ne3 Rc6 36. Nf5+ Kh7 37. Nd6 1-0


[Site "https://www.chess.com"]

[Event "Late Titled Tuesday Blitz February 8 2022"]
[White "Zierk, Steven"]
[Black "Potapova, Margarita"]
[WhiteFideId "2034255"]
[BlackFideId "14126869"]
[WhiteElo "2494"]
[BlackElo "2209"]
[Result "1-0"]
[Round "07"]
[TimeControl "180+1"]
[Date "2022.02.08"]
[WhiteClock "0:00:13"]
[BlackClock "0:00:03"]

1. e4 c5 2. Nf3 d6 3. d4 cxd4 4. Nxd4 Nf6 5. f3 Nc6 6. c4 e6 7. Nc3 Be7 8. Be3 O-O 9. Qd2 d5 10. cxd5 exd5 11. Nxc6 bxc6 12. e5 Nd7 13. f4 Bb7 14. Be2 Nb6 15. f5 c5 16. f6 d4 17. Bh6 Bxf6 18. exf6 Qxf6 19. Bg5 dxc3 20. bxc3 Qc6 21. O-O-O Qa4 22. Bd3 Be4 23. Bxe4 Qxe4 24. Rhe1 Qa4 25. Qc2 Qa5 26. Be7 Nc4 27. Qb3 Rab8 28. Qxc4 Qa3+ 29. Kd2 Rfe8 30. Rc1 Rb2+ 31. Rc2 Rbb8 32. Bxc5 Rbd8+ 33. Bd4 Qd6 34. Rxe8+ Rxe8 35. Kc1 Qa3+ 36. Kd2 Qd6 37. g3 Qh6+ 38. Kd1 Qg5 39. Re2 Rb8 40. Qb3 Rd8 41. Qa4 Qg4 42. Ke1 h6 43. Re8+ Rxe8+ 44. Qxe8+ Kh7 45. Qxf7 Qxd4 46. cxd4 1-0


[Site "https://www.chess.com"]

[Event "Late Titled Tuesday Blitz February 8 2022"]
[White "Aaditya Dhingra"]
[Black "Curtis, John"]
[WhiteFideId "25678191"]
[BlackFideId "3200256"]
[WhiteElo "1789"]
[BlackElo "2203"]
[Result "1/2-1/2"]
[Round "08"]
[TimeControl "180+1"]
[Date "2022.02.09"]
[WhiteClock "0:00:18"]
[BlackClock "0:00:13"]

1. Nf3 d5 2. e3 c6 3. c4 Nf6 4. b3 Bg4 5. Bb2 e6 6. Be2 Nbd7 7. O-O Bd6 8. d4 Qb8 9. h3 Bxf3 10. Bxf3 O-O 11. Nc3 dxc4 12. bxc4 e5 13. Rb1 exd4 14. exd4 Qc7 15. c5 Bf4 16. Ne2 Bh6 17. Ng3 g6 18. Bc1 Bxc1 19. Qxc1 Rfd8 20. Qg5 b6 21. Nf5 bxc5 22. Ne7+ Kh8 23. Nxc6 Re8 24. Ne5 Rab8 25. Nxf7+ Kg7 26. Nh6 Rxb1 27. Rxb1 cxd4 28. Nf5+ Kh8 29. Nxd4 Qe5 30. Qxe5 Nxe5 31. Be2 Rd8 32. Ne6 Re8 33. Nc7 Re7 34. Na6 Ne4 35. Rc1 Kg7 36. f4 Ng3 37. Bb5 Nf7 38. Rc7 Rxc7 39. Nxc7 Nd6 40. Bd3 Nh5 41. Nd5 Nf6 42. Nxf6 Kxf6 43. Kf2 Ke6 44. Ke3 Kd5 45. g4 a5 46. a3 a4 47. Bc2 Nc4+ 48. Kf3 Nxa3 49. Bxa4 Kd6 50. Ke4 Ke7 51. Ke5 Nc4+ 52. Kd4 Nd6 53. Kd5 Nf7 54. Bc2 Kf6 55. g5+ Nxg5 56. fxg5+ Kxg5 57. Be4 Kh4 58. Bg2 g5 59. Ke4 h5 60. Kf5 g4 61. hxg4 hxg4 62. Kf4 g3 63. Kf3 Kg5 64. Kxg3 1/2-1/2


[Site "https://www.chess.com"]

[Event "Late Titled Tuesday Blitz February 8 2022"]
[White "Al Hosani, Omran"]
[Black "Dourerassou, Jonathan"]
[WhiteFideId "9308733"]
[BlackFideId "628050"]
[WhiteElo "2246"]
[BlackElo "2513"]
[Result "0-1"]
[Round "08"]
[TimeControl "180+1"]
[Date "2022.02.08"]
[WhiteClock "0:00:01"]
[BlackClock "0:01:12"]

1. d4 d6 2. e4 g6 3. Nf3 Bg7 4. c3 Nd7 5. Bd3 c5 6. O-O Ngf6 7. Re1 O-O 8. h3 a6 9. Nbd2 e5 10. Nf1 b5 11. a4 c4 12. Bb1 Bb7 13. Ng3 Re8 14. d5 Nc5 15. Bc2 h6 16. Be3 Qc7 17. Qd2 Kh7 18. Nh2 Bc8 19. axb5 Bd7 20. Bxc5 Qxc5 21. bxa6 Qb6 22. Ba4 Rxa6 23. Bxd7 Nxd7 24. Rxa6 Qxa6 25. Ng4 Ra8 26. Ne3 Qb5 27. h4 h5 28. Qe2 Ra4 29. b4 Nb6 30. Ngf5 Bf8 31. Qf3 Qd7 32. Ng3 Ra3 33. Nc2 Ra2 34. Re2 Bh6 35. Ne3 Ra1+ 36. Nef1 Bf4 37. Rc2 Qa4 38. Qe2 Qb3 39. b5 Qxb5 40. Rb2 Qc5 41. Nxh5 gxh5 42. Qxh5+ Kg7 43. Qg4+ Kf8 44. Qh5 Qa5 45. Qh8+ Ke7 46. g3 Rxf1+ 47. Kxf1 Qa1+ 48. Kg2 Qxb2 49. gxf4 exf4 50. e5 Nxd5 51. exd6+ Kxd6 52. Qd8+ Ke6 53. Qe8+ Ne7 54. h5 Qxc3 55. h6 f3+ 56. Kg3 Qe5+ 57. Kxf3 Qh5+ 58. Kg2 Qg6+ 59. Kf1 Qxh6 60. Qb5 Qh1+ 61. Ke2 Qd5 62. Qa6+ Nc6 63. Qc8+ Kf6 64. Qh8+ Ke7 65. Qh4+ Kd6 66. Qf6+ Qe6+ 0-1


[Site "https://www.chess.com"]

[Event "Late Titled Tuesday Blitz February 8 2022"]
[White "Al-Tarboush, Ward"]
[Black "Lin, Dachey"]
[WhiteFideId "7601450"]
[BlackFideId "2029650"]
[WhiteElo "2276"]
[BlackElo "2734"]
[Result "0-1"]
[Round "08"]
[TimeControl "180+1"]
[Date "2022.02.08"]
[WhiteClock "0:00:26"]
[BlackClock "0:00:30"]

1. e4 g6 2. d4 Bg7 3. Nf3 c6 4. c3 d5 5. e5 Bg4 6. Be2 e6 7. O-O Nd7 8. Nbd2 Ne7 9. h3 Bxf3 10. Nxf3 O-O 11. Be3 c5 12. Qd2 Nc6 13. Nh2 Rc8 14. Ng4 h5 15. Nh2 cxd4 16. cxd4 Qb6 17. g4 hxg4 18. Nxg4 Qb4 19. Qd1 f5 20. exf6 Nxf6 21. Nxf6+ Bxf6 22. Bg4 Rce8 23. Re1 Bxd4 24. a3 Qb6 25. Qd3 Rf6 26. Rad1 Bxe3 27. Rxe3 Qxb2 28. Rf3 Ne5 29. Qe3 Nxf3+ 30. Bxf3 Ref8 31. Bg4 Rxf2 32. Qxe6+ Kg7 33. Qxd5 R8f6 34. Qe4 Qb6 35. Rd7+ Rf7 36. Qe5+ Rf6+ 37. Kh1 Rxd7 38. Bxd7 Qb1+ 39. Kg2 Qc2+ 40. Kg3 Qd3+ 41. Kh4 Qxd7 0-1


[Site "https://www.chess.com"]

[Event "Late Titled Tuesday Blitz February 8 2022"]
[White "Aradhya, Garg"]
[Black "Kopylov, Alexander A."]
[WhiteFideId "25006746"]
[BlackFideId "4164857"]
[WhiteElo "2169"]
[BlackElo "2436"]
[Result "0-1"]
[Round "08"]
[TimeControl "180+1"]
[Date "2022.02.08"]
[WhiteClock "0:00:15"]
[BlackClock "0:00:20"]

1. d4 Nf6 2. c4 d6 3. Nc3 e5 4. Nf3 Nbd7 5. e4 Be7 6. g3 O-O 7. Bg2 c6 8. O-O Qe8 9. Re1 Bd8 10. c5 exd4 11. Nxd4 Nxc5 12. Bf4 Bc7 13. b4 Ne6 14. Nxe6 Qxe6 15. Rc1 Nd7 16. Nb5 Bb6 17. Nxd6 Ne5 18. Rc2 Ng6 19. Be3 Ne5 20. f4 Ng4 21. Bxb6 axb6 22. f5 Qh6 23. Qxg4 Qxd6 24. e5 Qd3 25. Rf2 g6 26. Ref1 Kh8 27. Qg5 Bxf5 28. Qf6+ Kg8 29. Rxf5 gxf5 30. Qg5+ Kh8 31. Qf6+ Kg8 32. Rxf5 Qe3+ 33. Kh1 h6 34. Rh5 Rxa2 35. Rxh6 Ra1+ 36. Bf1 Rxf1+ 37. Qxf1 Qxh6 38. Qf5 Qe6 39. Qg5+ Qg6 40. Qe7 Kg7 41. Qxb7 Rh8 42. Qxc6 Qxc6+ 0-1


[Site "https://www.chess.com"]

[Event "Late Titled Tuesday Blitz February 8 2022"]
[White "Ardila, Oscar Humberto"]
[Black "Terletsky, Oleg"]
[WhiteFideId "4404742"]
[BlackFideId "14116774"]
[WhiteElo "1898"]
[BlackElo "2050"]
[Result "0-1"]
[Round "08"]
[TimeControl "180+1"]
[Date "2022.02.09"]
[WhiteClock "0:00:49"]
[BlackClock "0:01:16"]

1. d4 Nf6 2. Nf3 g6 3. c4 Bg7 4. Nc3 d6 5. e4 O-O 6. Be2 e5 7. d5 a5 8. O-O Na6 9. Bg5 h6 10. Bxf6 Bxf6 11. Qc2 Bg7 12. a3 Bd7 13. b3 f5 14. Rab1 Nc5 15. Nd2 h5 16. b4 axb4 17. axb4 Na4 18. exf5 Nxc3 19. Qxc3 gxf5 20. Bxh5 Qg5 21. Be2 e4 22. Qe3 Qxe3 23. fxe3 Ra2 24. Rfd1 Bc3 25. Nxe4 fxe4 26. Bf1 Bd2 27. Rb3 Ba4 28. Rxd2 Rxd2 29. Ra3 Rd1 0-1


[Site "https://www.chess.com"]

[Event "Late Titled Tuesday Blitz February 8 2022"]
[White "Avazkhonov, Alikhon"]
[Black "Medeiros Jr, Francisco De Assis"]
[WhiteFideId "14208504"]
[BlackFideId "2114267"]
[WhiteElo "1739"]
[BlackElo "1998"]
[Result "0-1"]
[Round "08"]
[TimeControl "180+1"]
[Date "2022.02.09"]
[WhiteClock "0:00:01"]
[BlackClock "0:00:29"]

1. c4 a6 2. Nc3 Nf6 3. g3 c6 4. Bg2 d5 5. d4 e6 6. Nf3 Nbd7 7. O-O dxc4 8. e4 Nb6 9. Qe2 Bb4 10. e5 Nfd5 11. Ne4 O-O 12. Bg5 f6 13. exf6 gxf6 14. Bh6 Rf7 15. Nfd2 c3 16. bxc3 Nxc3 17. Qg4+ Kh8 18. Qh5 Qg8 19. Rae1 Nbd5 20. Nxc3 Bxc3 21. Re4 Qg6 22. Qh3 e5 23. Qh4 Bf5 24. dxe5 fxe5 0-1


[Site "https://www.chess.com"]

[Event "Late Titled Tuesday Blitz February 8 2022"]
[White "Baker, Chris W"]
[Black "Debray, Christopher"]
[WhiteFideId "401676"]
[BlackFideId "630810"]
[WhiteElo "2150"]
[BlackElo "2369"]
[Result "0-1"]
[Round "08"]
[TimeControl "180+1"]
[Date "2022.02.09"]
[WhiteClock "0:00:02"]
[BlackClock "0:00:18"]

1. e4 e5 2. Nf3 Nf6 3. Nc3 Bb4 4. Nxe5 O-O 5. Be2 Re8 6. Nd3 Bxc3 7. dxc3 Nxe4 8. O-O d6 9. Bf3 Bf5 10. Nf4 Nc6 11. Re1 Qd7 12. Nd5 Bg6 13. Bf4 Nc5 14. Qd2 a5 15. Rxe8+ Rxe8 16. Re1 Rxe1+ 17. Qxe1 Bxc2 18. Nxc7 Nd3 19. Bxc6 bxc6 20. Qe8+ Qxe8 21. Nxe8 Nxf4 22. Nxd6 Kf8 23. Nb7 a4 24. Na5 Nd3 25. b3 Nc1 26. Nxc6 axb3 27. axb3 Bxb3 28. Nd4 Bc4 29. f3 Ne2+ 30. Kf2 Nxc3 31. g4 Nd5 32. h4 Nc7 33. Kg3 g6 34. f4 f6 35. f5 Kf7 36. fxg6+ hxg6 37. g5 f5 0-1


[Site "https://www.chess.com"]